 Dungeon Crawl Stone Soup version 0.22-a0-44-geb883ae61c (webtiles) character file.

51 MrRokkomies the Shooter (level 3, -8/20 HPs)
             Began as a Deep Elf Arcane Marksman on Jan 6, 2018.
             Mangled by a worm (10 damage)
             ... on level 2 of the Dungeon.
             The game lasted 00:07:00 (2610 turns).

MrRokkomies the Shooter (Deep Elf Arcane Marksman)  Turns: 2610, Time: 00:07:01

Health: -8/20      AC:  2    Str:  8    XL:     3   Next: 58%
Magic:  5/7        EV: 13    Int: 17    God:
Gold:   43         SH:  0    Dex: 15    Spells: 2/5 levels left

rFire    . . .     SeeInvis .   b - +2 mace (protect)
rCold    . . .     Gourm    .   (no shield)
rNeg     . . .     Faith    .   e - +0 robe
rPois    .         Spirit   .   (no helmet)
rElec    .         Reflect  .   (no cloak)
rCorr    .         Harm     .   (no gloves)
MR       .....                  (no boots)
Stlth    +.........             (no amulet)
HPRegen  0.06/turn              (no ring)
MPRegen  0.10/turn              (no ring)

@: no status effects
A: no striking features
a: no special abilities


You were on level 2 of the Dungeon.
You were not hungry.

You visited 1 branch of the dungeon, and saw 2 of its levels.

You collected 43 gold pieces.

Inventory:

Hand Weapons
 a - a +0 shortbow
 b - a +2 mace of protection (weapon)
Armour
 e - a +0 robe (worn)
Scrolls
 i - a scroll of random uselessness {unknown}
 k - a scroll of teleportation
 n - a scroll of fear {unknown}
Potions
 g - a potion of lignification {unknown}
 h - 2 potions of invisibility
 j - a potion of curing {unknown}
 l - a potion of brilliance {unknown}
 m - a potion of flight {unknown}
Books
 c - a book of Debilitation

   Spells                             Type                      Level
   a - Corona                         Hexes                        1
   b - Slow                           Hexes                        2
   c - Inner Flame                    Hexes/Fire                   3
   d - Portal Projectile              Hexes/Translocation          3
   e - Cause Fear                     Hexes                        4
   f - Leda's Liquefaction            Hexes/Earth                  4
Comestibles
 f - 2 rations


   Skills:
 - Level 0.7 Fighting
 * Level 4.4 Bows
 - Level 2.4 Dodging
 - Level 1.5 Spellcasting
 - Level 4.0 Hexes


You had 2 spell levels left.
You knew the following spells:

 Your Spells              Type           Power        Failure   Level  Hunger
a - Corona                Hex            ##.....      3%          1    ##.....
b - Slow                  Hex            ##......     6%          2    ###....


Dungeon Overview and Level Annotations

Branches:
Dungeon (2/15)

Altars:
Fedhas
Makhleb


Message History

Press: ? - help, Shift-Dir - straight line, f/p - worm
Aim: a worm (lightly wounded, softly glowing)
You shoot an arrow. The arrow hits the worm.
The worm is moderately wounded.
Firing (i - inventory):
d - an arrow (quivered)
Press: ? - help, Shift-Dir - straight line, f/p - worm
Aim: a worm (moderately wounded, softly glowing)
You shoot an arrow. The arrow hits the worm.
The worm is heavily wounded.
Firing (i - inventory): No suitable missiles.
Press: ? - help, Shift-Dir - straight line, f/p - worm
Aim: a worm (heavily wounded, softly glowing)
Okay, then.
Your +2 mace of protection hums with potential!
b - a +2 mace of protection (weapon)
The worm stops glowing.
The worm bites you!
* * * LOW HITPOINT WARNING * * *
The worm bites you!
Ouch! That really hurt!
You die...

#(# ##### #(###...##
.# #(##.....##
...#.........# #
#.###.......# .
...#.......# .##.
#.#..)...## .#.
#######...(.....#
...###.......#.(@....#
..##...#####.#.w.....#
.....### #.##.....##
...### #.......## ...#
##.....## .#.#
#.......# .#..#
#.......# ###..#
#.........# # #.#
#.##.....##


You could see a worm.

Vanquished Creatures
  A worm (D:2)
  A leopard gecko (D:2)
  4 giant cockroaches
  5 goblins
  3 hobgoblins (D:2)
  10 jackals (D:1)
  A ball python (D:1)
  3 bats
  3 frilled lizards
  9 kobolds
  2 rats
42 creatures vanquished.

Notes
Turn   | Place    | Note
-------+----------+-------------------------------------------
     0 | D:1      | MrRokkomies the Deep Elf Arcane Marksman began the quest for the Orb.
     0 | D:1      | Reached XP level 1. HP: 11/11 MP: 5/5
   344 | D:1      | Reached XP level 2. HP: 16/16 MP: 6/6
  1319 | D:1      | Reached XP level 3. HP: 20/20 MP: 4/7
  1334 | D:1      | Learned a level 2 spell: Slow
  1866 | D:2      | Noticed a sky beast
  2116 | D:2      | Found a burning altar of Makhleb.
  2428 | D:2      | Found a blossoming altar of Fedhas.
  2610 | D:2      | Mangled by a worm

Vault maps used:
D:1:      onia_arrival_mini_spirals
D:2:      lemuel_doored_altar, lemuel_crystal_altar

Skill      XL: |  1  2  3 |
---------------+----------+-----
Bows           | 3 4 |  4.4
Fighting       | |  0.7
Dodging        | |  2.4
Spellcasting   | |  1.5
Hexes          | |  4.0

Action                   || total
-------------------------++-------
Melee: Short sword       ||    20
       Mace              ||    12
 Fire: Shortbow          ||   110
 Cast: Corona            ||    25
       Slow              ||     2
  Use: Scroll            ||     2
  Eat: Chunk             ||     2
       Ration            ||     1
Armor: Robe              ||    29
Dodge: Dodged            ||    84

Table legend:
 A = Spawn XP
 B = Non-spawn XP
 C = Spawn XP percentage of total XP
 D = Spawn monster count
 E = Non-spawn monster count
 F = Spawn count percentage of total count
 G = Total turns spent on level
                    A         B        C        D         E        F      G
               +---------+---------+-------+---------+---------+-------+---------
         Total |       0 |      74 |   0.0 |       0 |      42 |   0.0 |  2610
               +---------+---------+-------+---------+---------+-------+---------
           D:1 |       0 |      42 |   0.0 |       0 |      25 |   0.0 |  1995
           D:2 |       0 |      32 |   0.0 |       0 |      17 |   0.0 |   615
               +---------+---------+-------+---------+---------+-------+---------
